 Dungeon Crawl Stone Soup version 0.31.0-32-g396128a36d (webtiles) character file.

Game seed: 9724882099242152128

202813 lonewolfV2 the Severer (level 19, -9/157 HPs)
             Began as a Formicid Fighter on Mar 8, 2024.
             Was a High Priest of Qazlal.
             Mangled by a wolf spider (14 damage)
             ... on level 4 of the Spider Nest.
             The game lasted 01:07:28 (36944 turns).

lonewolfV2 the Severer (Formicid Fighter)          Turns: 36944, Time: 01:07:28

Health: -9/157     AC: 39    Str: 28    XL:     19   Next: 30%
Magic:  0/32       EV:  7    Int: 10    God:    Qazlal [*****.]
Gold:   2129       SH: 29    Dex: 15    Spells: 18/18 levels left

rFire   + . .        B - +7 battleaxe (protect)
rCold   + . .        X - +0 tower shield
rNeg    + . .        G - +1 plate armour
rPois   +            (helmet unavailable)
rElec   +            n - +1 cloak
rCorr   +            i - +3 pair of gauntlets of War {Slay+5}
SInv    +            z - +1 pair of boots
Will    ++...        V - amulet of reflection Stlth
                     A - ring of the Catamount {rElec rC+ rN+ Int-2 SInv}
HPRegen 0.46/turn    F - ring of Kuzxum {rC- Will+ Str+2 Int+3 SInv}
MPRegen 0.23/turn

%: repel missiles, reflection
@: lethally poisoned (-9 -> -44), resistant, protected from physical damage,
under a protective aura
A: permanent stasis, dig shafts and tunnels, antennae 3, four strong arms
}: 1/15 runes: barnacled
a: Dig, Shaft Self, Renounce Religion, Upheaval, Elemental Force, Disaster Area


You were on level 4 of the Spider Nest.
You worshipped Qazlal.
Qazlal was extremely pleased with you.
You visited 5 branches of the dungeon, and saw 29 of its levels.
You also visited: Ossuary.

You collected 2242 gold pieces.
You spent 113 gold pieces at shops.

Inventory:

Hand Weapons
 B - a +7 battleaxe of protection (weapon)
 N - a +5 executioner's axe of flaming
Armour
 i - the +3 pair of gauntlets of War (worn) {Slay+5}
   (You acquired it on level 2 of the Dungeon)

   Slay+5:    It affects your accuracy & damage with ranged weapons and melee
   (+5).
 n - a +1 cloak (worn)
 z - a +1 pair of boots (worn)
 G - a +1 plate armour (worn)
 J - a +2 kite shield of fire resistance
 X - a +0 tower shield (worn)
Jewellery
 b - a ring of protection from fire
 o - an amulet of the acrobat
 u - a ring of resist corrosion
 A - the ring of the Catamount (left hand) {rElec rC+ rN+ Int-2 SInv}
   (You found it on level 12 of the Dungeon)

   [ring of see invisible]

   Int-2:     It affects your intelligence (-2).
   rC+:       It protects you from cold.
   rElec:     It insulates you from electricity.
   rN+:       It protects you from negative energy.
   SInv:      It lets you see invisible.
 F - the ring of Kuzxum (right hand) {rC- Will+ Str+2 Int+3 SInv}
   (You found it on level 7 of the Dungeon)

   [ring of see invisible]

   Str+2:     It affects your strength (+2).
   Int+3:     It affects your intelligence (+3).
   rC-:       It makes you vulnerable to cold.
   Will+:     It increases your willpower.
   SInv:      It lets you see invisible.
 Q - a +6 ring of strength
 V - an amulet of reflection (around neck)
 Z - an amulet of guardian spirit
Talismans
 R - a storm talisman
Wands
 c - a wand of iceblast (41)
 e - a wand of paralysis (14)
 q - a wand of mindburst (22)
 C - a wand of light (19)
 P - a wand of polymorph (15)
 S - a wand of flame (11)
Scrolls
 a - a scroll of butterflies
 d - a scroll of enchant armour
 r - 5 scrolls of fog
 t - 8 scrolls of fear
 y - 2 scrolls of silence
 E - 4 scrolls of immolation
 I - 6 scrolls of revelation
 K - 9 scrolls of identify
 M - 3 scrolls of poison
 T - 2 scrolls of vulnerability
Potions
 f - 4 potions of magic
 g - 2 potions of berserk rage
 h - 4 potions of brilliance
 j - 4 potions of cancellation
 k - a potion of resistance
 m - 6 potions of enlightenment
 p - 9 potions of lignification
 s - 7 potions of haste
 v - 4 potions of might
 w - 6 potions of invisibility
 x - 6 potions of attraction
 D - 2 potions of ambrosia {unknown}
 H - 2 potions of degeneration
 L - a potion of mutation
Miscellaneous
 O - a condenser vane
 Y - a lightning rod (4/4)


   Skills:
 * Level 15.7 Fighting
 - Level 20.4 Axes
 + Level 18.1 Armour
 - Level 13.2 Shields
 - Level 18.0 Invocations


You had 18 spell levels left.
You didn't know any spells.
Your spell library contained the following spells:

 Spells                   Type           Power      Damage    Failure   Level
 Freeze                   Ice            0%         1d3       99%         1
 Necrotise                Necr           0%         1d4       99%         1
 Slow                     Hex            0%         N/A       99%         1
 Ensorcelled Hibernation  Hex/Ice        0%         N/A       100%        2
 Jinxbite                 Hex            0%         N/A       100%        2
 Static Discharge         Conj/Air       0%         3-3/arc   100%        2
 Sublimation of Blood     Necr           0%         N/A       100%        2
 Confusing Touch          Hex            0%         N/A       100%        3
 Frozen Ramparts          Ice            0%         1d1       100%        3
 Hailstorm                Conj/Ice       0%         3d5       100%        3
 Sigil of Binding         Hex            0%         N/A       100%        3
 Tukima's Dance           Hex            0%         N/A       100%        3
 Vampiric Draining        Necr           0%         2d6       100%        3
 Airstrike                Air            0%         2d(0-16)  100%        4
 Animate Dead             Necr           0%         N/A       100%        4
 Brom's Barrelling Bould  Conj/Erth      0%         2d3       100%        4
 Dimensional Bullseye     Hex/Tloc       0%         N/A       100%        4
 Iskenderun's Mystic Bla  Conj/Tloc      0%         2d3       100%        4
 Martyr's Knell           Necr/Summ      0%         N/A       100%        4
 Petrify                  Alch/Erth      0%         N/A       100%        4
 Summon Lightning Spire   Summ/Air       0%         N/A       100%        4
 Alistair's Intoxication  Alch           0%         N/A       100%        5
 Borgnjor's Vile Clutch   Necr/Erth      0%         N/A       100%        5
 Curse of Agony           Necr           0%         N/A       100%        5
 Fireball                 Conj/Fire      0%         3d3       100%        5
 Irradiate                Conj/Alch      0%         3d11      100%        5
 Iskenderun's Battlesphe  Conj           0%         2d6       100%        5
 Yara's Violent Unravell  Hex/Alch       0%         3d3       100%        5
 Conjure Ball Lightning   Conj/Air       0%         3x3d6     100%        6
 Death Channel            Necr           0%         N/A       100%        6
 Eringya's Noxious Bog    Alch           0%         4d6       100%        6
 Sculpt Simulacrum        Ice/Alch       0%         N/A       100%        6
 Enfeeble                 Hex            0%         N/A       100%        7
 Orb of Destruction       Conj           0%         9d5       100%        7
 Discord                  Hex            0%         N/A       100%        8
 Disjunction              Tloc           0%         N/A       100%        8
 Shatter                  Erth           0%         3d5*      100%        9


Dungeon Overview and Level Annotations

Branches:
Dungeon (15/15)            Temple (1/1) D:5            Lair (5/5) D:11
 Shoals (4/4) Lair:2       Spider (4/4) Lair:2        Slime (0/5) Lair:5
    Orc (0/2) D:11         Vaults (0/5) D:13         Depths (0/4) D:15
Ossuary (visited)

Altars:
Ashenzari
Cheibriados
Dithmenos
Elyvilon
Fedhas
Gozag
Hepliaklqana
Kikubaaqudgha
Makhleb
Nemelex Xobeh
Okawaru
Qazlal
Ru
Sif Muna
Trog
Uskayaw
Vehumet
Wu Jian
Xom
Yredelemnul
Zin
The Shining One
Jiyva

Shops:
D:3 *   D:4 *   D:6 [

Annotations:
D:6 3 runed translucent doors, Consumeair16's ghost, novice GnFi
D:7 3 runed translucent doors, Tripartite's ghost, novice FoHu
Temple 2 transporters
Shoals:1 2 transporters, exclusion: orange crystal statue


Innate Abilities, Weirdness & Mutations

You cannot be hasted, slowed, berserked, paralysed or teleported.
You can dig through walls and to a lower floor.
You have a pair of large antennae on your head. (SInv)
Your four strong arms can wield two-handed weapons with a shield.


Message History

The wolf spider bites you but does no damage.
You see here a steelbarb worm corpse.
You hit the emperor scorpion but do no damage.
Your weapon exudes an aura of protection.
The emperor scorpion is almost dead.
You hit the emperor scorpion but do no damage.
You slash the wolf spider! The ghost moth stares at you.
You feel your power leaking away.
You block the emperor scorpion's attack.
The emperor scorpion claws you but does no damage.
You block the emperor scorpion's attack.
You block the wolf spider's attack. x2
The emperor scorpion stings you but does no damage.
The emperor scorpion claws you but does no damage. x2
The ghost moth stares at you.
You hit the emperor scorpion but do no damage.
The emperor scorpion is almost dead.
You slice the wolf spider!! You slice the emperor scorpion!!
You block the wolf spider's attack. x2
You block the emperor scorpion's attack. x2
The emperor scorpion claws you but does no damage.
The emperor scorpion stings you!!
* * * LOW HITPOINT WARNING * * *
You are lethally poisoned!
The emperor scorpion poisons you!
The emperor scorpion claws you but does no damage. x2
You feel protected.
* * * LOW HITPOINT WARNING * * *
You feel extremely sick. You block the wolf spider's attack. x2
You block the emperor scorpion's attack.
The emperor scorpion claws you but does no damage.
The emperor scorpion claws you.
* * * LOW HITPOINT WARNING * * *
You block the emperor scorpion's attack.
The emperor scorpion claws you but does no damage. x2
The ghost moth stares at you. The wolf spider hits you!
You die...

##.. ~.. #... .~
##~.##### ..
####~...##.# ~##
##~~#.##^#^^##^..##
.~#...~^.s○°§°°#..~~#
...~.^..††.ss°$†....#
#~~.~†.yss@†§#^,
##.~#.##.#.†## #^
#....#### { # ##^†##
#.†.[# {{ ##††##
{{#....#{ { ##.$##
#~#.^#


You could see 2 emperor scorpions, a ghost moth (invisible), a wolf spider, an
orb spider (charged) and a culicivora.

Vanquished Creatures
  Mara (Shoals:3)
  Nikola (Shoals:2)
  Mlioglotl (Shoals:1)
  Asterion (Spider:2)
  Aizul (Spider:1)
  6 emperor scorpions
  5 ghost moths
  A broodmother (Spider:4)
  3 spark wasps
  Azrael (D:15)
  Snorg (Lair:3)
  A merfolk javelineer (Shoals:2)
  6 merfolk impalers
  An entropy weaver (Spider:1)
  A vault guard (D:13)
  Fannar (Lair:3)
  A rakshasa (D:15)
  8 hydras
  3 merfolk aquamancers (Shoals:4)
  A catoblepas (Lair:5)
  A jorogumo (Spider:3)
  4 radroaches
  A merfolk avatar (Shoals:3)
  11 death yaks (Lair:5)
  8 centaur warriors
  A dancing weapon (D:13)
  5 two-headed ogres
  2 satyrs
  6 boulder beetles
  7 demonic crawlers
  A deep troll shaman (Lair:5)
  A death scarab (Spider:3)
  7 occultists
  Urug (Lair:4)
  2 tengu warriors
  Nergalle (Lair:3)
  2 pharaoh ants
  2 skysharks
  9 sea snakes
  3 arcanists (D:14)
  8 orb spiders
  An orc knight (D:15)
  12 harpies
  6 wolf spider zombies (Spider:3)
  Pikel (D:9)
  A necromancer (D:15)
  2 spectral wolf spiders (Spider:3)
  2 deep elf pyromancers
  5 steelbarb worms
  19 wolf spiders
  11 ugly things
  8 manticores
  6 cyclopes
  A deep elf zephyrmancer (D:15)
  2 orc sorcerers (D:15)
  An oklob plant (Lair:4)
  A faun (Shoals:3)
  26 elephants
  3 moths of wrath
  2 black mambas
  3 meliai (Spider:3)
  5 water nymphs
  A molten gargoyle (Lair:2)
  5 merfolk sirens
  A guardian serpent (D:15)
  4 gargoyles
  11 cane toads
  4 centaur skeletons (D:15)
  3 torpor snails
  Jeremiah (D:9)
  3 kobold demonologists
  2 efreet (D:14)
  5 komodo dragons
  A redback zombie (D:15)
  2 freezing wraiths (D:15)
  5 trolls
  14 merfolk
  3 polar bears
  2 wolf spider simulacra (Spider:3)
  20 tarantellas
  2 wind drakes
  A hornet (D:10)
  4 snapping turtles
  14 dream sheep
  17 jumping spiders
  23 culicivoras
  7 slime creatures
  9 wraiths
  2 vampires
  62 yaks
  5 water elementals
  7 wyverns
  3 fire elementals (D:15)
  A steam dragon (D:8)
  12 vampire mosquitoes
  5 basilisks
  47 redbacks
  Menkaure (D:6)
  2 acid dragons
  13 water moccasins
  5 hell hounds (D:15)
  Duvessa (D:6)
  12 orc warriors
  3 sky beasts
  3 black bears
  5 boggarts (D:14)
  2 ogres
  2 laughing skulls (D:15)
  17 wolves
  4 lemures (D:9)
  15 centaurs
  2 phantoms
  Blork the orc (D:5)
  7 kobold brigands
  16 bullfrogs
  4 gnoll sergeants
  11 wights
  Dowan (D:6)
  6 killer bees
  4 howler monkeys
  An electric eel (Lair:1)
  3 bullfrog zombies (Ossuary)
  18 jellies
  2 bombardier beetles (D:5)
  4 gnoll boudas
  5 orc priests
  Crazy Yiuf (D:2)
  8 hounds
  A sleepcap (D:8)
  4 iguanas
  Terence (D:3)
  13 orc wizards
  4 crocodile zombies (Ossuary)
  8 hound zombies (Ossuary)
  3 howler monkey zombies (Ossuary)
  4 mummies (Ossuary)
  18 gnolls
  11 adders
  A shadow imp (D:8)
  4 white imps
  4 ufetubi (D:6)
  3 ribbon worms
  A dart slug (D:5)
  38 orcs
  A ball python (D:1)
  20 endoplasms
  4 giant cockroaches
  16 hobgoblins
  3 quokkas
  5 ball python zombies (Ossuary)
  7 bats
  A frilled lizard (D:1)
  5 goblins
  15 kobolds
  3 rats
931 creatures vanquished.

Vanquished Creatures (collateral kills)
  Louise (Shoals:1)
  A very ugly thing (Shoals:1)
  A merfolk javelineer (Shoals:1)
  An ogre mage (D:15)
  2 two-headed ogres (D:15)
  An orb spider (Spider:2)
  A steelbarb worm (Spider:2)
  A harpy (Shoals:2)
  5 ugly things (Shoals:1)
  A guardian serpent (D:15)
  A water nymph (Shoals:2)
  A merfolk (Shoals:2)
  A tarantella (Spider:4)
  2 snapping turtles
  2 ogres (D:15)
22 creatures vanquished.

Vanquished Creatures (others)
  2 occultists (D:14)
  A wolf spider (Spider:3)
  A tarantella (Spider:2)
  An orc (D:7)
5 creatures vanquished.

Grand Total: 958 creatures vanquished

Notes
Turn   | Place    | Note
-------+----------+-------------------------------------------
     0 | D:1      | lonewolfV2 the Formicid Fighter began the quest for the
                  | Orb.
     0 | D:1      | Reached XP level 1. HP: 18/18 MP: 1/1
   127 | D:1      | Reached XP level 2. HP: 24/24 MP: 2/2
   386 | D:1      | Reached XP level 3. HP: 30/30 MP: 3/3
   483 | D:1      | Reached skill level 3 in Axes
  1301 | D:2      | Found a runed translucent door.
  1302 | D:2      | Noticed Crazy Yiuf
  1620 | D:2      | Killed Crazy Yiuf
  1621 | D:2      | Reached XP level 4. HP: 37/37 MP: 4/4
  1679 | D:2      | Identified a scroll of acquirement
  1679 | D:2      | Acquired the +3 pair of gauntlets of War {Slay+5}
  1679 | D:2      | Found the +3 pair of gauntlets of War {Slay+5}
  1709 | D:3      | Noticed Terence
  1712 | D:3      | Killed Terence
  1713 | D:3      | Reached skill level 4 in Axes
  1835 | D:3      | Reached XP level 5. HP: 41/43 MP: 5/5
  2259 | D:3      | Found Caapt's Assorted Antiques.
  2626 | D:4      | Reached XP level 6. HP: 46/50 MP: 6/6
  2630 | D:4      | Reached skill level 5 in Fighting
  2630 | D:4      | Reached skill level 5 in Axes
  2652 | D:4      | Found a sand-covered staircase.
  2658 | Ossuary  | Entered an ossuary
  2741 | Ossuary  | Reached XP level 7. HP: 56/56 MP: 7/7
  2811 | Ossuary  | Reached skill level 6 in Axes
  3125 | D:4      | Reached XP level 8. HP: 65/65 MP: 8/8
  3186 | D:4      | Found Useckol's General Store.
  3642 | D:5      | Entered Level 5 of the Dungeon
  3656 | D:5      | Reached skill level 7 in Axes
  3740 | D:5      | Noticed Blork the orc
  3746 | D:5      | Killed Blork the orc
  3901 | D:5      | Reached skill level 8 in Axes
  4027 | D:5      | Found a staircase to the Ecumenical Temple.
  4077 | Temple   | Found a transporter.
  4077 | Temple   | Found a transporter.
  4077 | Temple   | Found a transporter.
  4077 | Temple   | Found a transporter.
  4077 | Temple   | Entered the Ecumenical Temple
  4098 | Temple   | Became a worshipper of Qazlal Stormbringer
  4230 | D:5      | Found an iron altar of Okawaru.
  4280 | D:5      | Reached XP level 9. HP: 68/74 MP: 9/9
  4445 | D:5      | Found a white marble altar of Elyvilon.
  4783 | D:6      | Found Baimiurr's Antique Armour Boutique.
  4785 | D:6      | Noticed Menkaure
  4792 | D:6      | Killed Menkaure
  5001 | D:6      | Found a runed translucent gate.
  5002 | D:6      | Found a runed translucent gate.
  5002 | D:6      | Noticed a two-headed ogre
  5012 | D:6      | Noticed Consumeair16's ghost (novice GnFi)
  5837 | D:6      | Found a runed translucent gate.
  6026 | D:6      | Noticed Duvessa
  6026 | D:6      | Noticed Dowan
  6034 | D:6      | Reached * piety under Qazlal
  6046 | D:6      | Reached skill level 5 in Invocations
  6049 | D:6      | Killed Duvessa
  6054 | D:6      | Killed Dowan
  6055 | D:6      | Reached skill level 5 in Armour
  6152 | D:6      | Noticed a two-headed ogre
  6159 | D:6      | Killed a two-headed ogre
  6160 | D:6      | Reached XP level 10. HP: 47/80 MP: 13/15
  7143 | D:7      | Reached ** piety under Qazlal
  7164 | D:7      | Identified the ring of Kuzxum {rC- Will+ Str+2 Int+3 SInv}
  7311 | D:7      | Found a runed translucent gate.
  7311 | D:7      | Found a runed translucent gate.
  7311 | D:7      | Found a runed translucent gate.
  7313 | D:7      | Noticed Tripartite's ghost (novice FoHu)
  8038 | D:8      | Reached skill level 5 in Shields
  8090 | D:8      | Reached XP level 11. HP: 87/87 MP: 17/17
  8210 | D:8      | Reached *** piety under Qazlal
  8368 | D:8      | Found an ornate altar of the Wu Jian Council.
  8734 | D:9      | Noticed Jeremiah
  8738 | D:9      | Noticed Pikel
  8753 | D:9      | You fall into a shaft and drop 2 floors!
  9140 | D:11     | Noticed a boulder beetle
  9155 | D:11     | Killed a boulder beetle
  9289 | D:11     | Noticed an elephant
  9290 | D:11     | Found a staircase to the Lair.
  9297 | D:11     | Killed an elephant
  9300 | D:11     | Reached skill level 10 in Fighting
  9300 | D:11     | Reached skill level 10 in Shields
  9407 | D:11     | Reached skill level 9 in Axes
  9410 | D:11     | Reached **** piety under Qazlal
  9561 | D:11     | Reached XP level 12. HP: 93/97 MP: 19/19
  9599 | D:11     | Found a staircase to the Orcish Mines.
  9669 | D:11     | Reached skill level 10 in Invocations
 10028 | D:10     | Entered Level 10 of the Dungeon
 10072 | D:10     | Reached skill level 10 in Axes
 10316 | D:10     | Noticed a two-headed ogre
 10320 | D:10     | Killed a two-headed ogre
 10321 | D:10     | Reached skill level 11 in Axes
 10483 | D:10     | Reached ***** piety under Qazlal
 10825 | D:10     | Found the +8 trident of the Octopus King {venom, rElec
                  | rPois}
 10825 | D:10     | Noticed a three-headed hydra
 10852 | D:10     | Killed an eight-headed hydra
 12135 | D:12     | Noticed a boulder beetle
 12145 | D:12     | Killed a boulder beetle
 12146 | D:12     | Reached skill level 12 in Axes
 12337 | D:12     | Reached XP level 13. HP: 94/103 MP: 21/21
 12388 | D:12     | Identified the ring of the Catamount {rElec rC+ rN+ Int-2
                  | SInv}
 13129 | D:13     | Identified the +4 whip "Qif Tuun" {venom, rF+ rN+ Will-
                  | Str+2}
 13206 | D:13     | Noticed a vault guard
 13208 | D:13     | Noticed a centaur warrior
 13214 | D:13     | Killed a centaur warrior
 13215 | D:13     | Reached skill level 13 in Axes
 13215 | D:13     | Killed a vault guard
 13264 | D:13     | Noticed a centaur warrior
 13265 | D:13     | Found a gate to the Vaults.
 13273 | D:13     | Killed a centaur warrior
 14049 | D:14     | Reached skill level 14 in Axes
 14337 | D:14     | Noticed a catoblepas
 14354 | D:14     | Noticed a five-headed hydra
 14794 | D:14     | Reached XP level 14. HP: 106/111 MP: 24/24
 15310 | D:14     | Found the +3 warlock's mirror {omnireflect}
 15657 | D:15     | Entered Level 15 of the Dungeon
 16202 | D:15     | Reached skill level 15 in Invocations
 16245 | D:15     | Found a broken altar of Ashenzari.
 16626 | D:15     | Noticed Azrael
 16638 | D:15     | Killed Azrael
 17329 | D:15     | Identified the +1 glaive of Eternal Vigilance {venom, rElec
                  | rF+++ Str+2 Int-2}
 17437 | D:15     | Reached XP level 15. HP: 123/126 MP: 26/26
 17466 | D:15     | Found a staircase to the Depths.
 17763 | Lair:1   | Entered Level 1 of the Lair of Beasts
 18624 | Lair:2   | Reached skill level 15 in Fighting
 18639 | Lair:2   | Reached ****** piety under Qazlal
 18684 | Lair:2   | Acquired a +5 executioner's axe of flaming
 18744 | Lair:2   | Found a staircase to the Shoals.
 18872 | Lair:2   | Found a hole to the Spider Nest.
 19629 | Lair:3   | Noticed Nergalle
 19633 | Lair:3   | Noticed Fannar
 19636 | Lair:3   | Killed Nergalle
 19643 | Lair:3   | Killed Fannar
 19686 | Lair:3   | Noticed Snorg
 19691 | Lair:3   | Killed Snorg
 19810 | Lair:3   | Identified the staff of Diffaegh {rF++ rC+ Will- SInv Ice}
 20942 | Lair:4   | Noticed Urug
 20951 | Lair:4   | Killed Urug
 21361 | Lair:5   | Entered Level 5 of the Lair of Beasts
 21369 | Lair:5   | Reached skill level 10 in Armour
 21373 | Lair:5   | Reached XP level 16. HP: 71/136 MP: 28/28
 21968 | Lair:5   | Found a staircase to the Slime Pits.
 21969 | Lair:5   | Found a viscous altar of Jiyva.
 23615 | Shoals:1 | Entered Level 1 of the Shoals
 23623 | Shoals:1 | Noticed Louise
 23642 | Shoals:1 | HP: 2/136 [merfolk javelineer/javelin (16)]
 23645 | Shoals:1 | Killed Louise
 24027 | Shoals:1 | Found a transporter.
 24086 | Shoals:1 | Found a glacial archway.
 24492 | Shoals:1 | Noticed Mlioglotl
 24500 | Shoals:1 | Killed Mlioglotl
 24525 | Shoals:1 | Identified the +2 dagger of Accord {drain, rElec rCorr
                  | Int+2}
 24527 | Shoals:1 | Found a transporter.
 24758 | Shoals:1 | Acquired a manual of Axes
 25064 | Shoals:2 | Reached skill level 15 in Axes
 25463 | Shoals:2 | Reached XP level 17. HP: 94/142 MP: 20/29
 25469 | Shoals:2 | Reached skill level 16 in Axes
 26191 | Shoals:2 | Reached skill level 17 in Axes
 27030 | Shoals:3 | Noticed Mara
 27031 | Shoals:3 | Noticed Nikola
 27037 | Shoals:3 | Reached skill level 18 in Axes
 27449 | Shoals:2 | Killed Nikola
 27529 | Shoals:3 | Noticed lonewolfV2's illusion
 27530 | Shoals:3 | Noticed lonewolfV2's illusion
 28356 | Shoals:3 | Noticed lonewolfV2's illusion
 28373 | Shoals:3 | Noticed lonewolfV2's illusion
 28373 | Shoals:3 | Killed Mara
 29638 | Shoals:4 | Entered Level 4 of the Shoals
 29905 | Shoals:4 | Got a barnacled rune of Zot
 30242 | Spider:1 | Entered Level 1 of the Spider Nest
 30336 | Spider:1 | Reached skill level 19 in Axes
 30851 | Spider:1 | Reached XP level 18. HP: 101/149 MP: 31/31
 31023 | Spider:1 | Identified the serpent talisman "Mypoa" {rC+++ rCorr MP-9
                  | Str+3 Int-3}
 31023 | Spider:1 | Noticed Aizul
 31037 | Spider:1 | Killed Aizul
 31493 | Spider:2 | Reached skill level 15 in Armour
 32008 | Spider:2 | Noticed Asterion
 32021 | Spider:2 | Killed Asterion
 34040 | D:9      | Killed Pikel
 34048 | D:9      | Killed Jeremiah
 34181 | D:3      | Bought a potion of curing for 87 gold pieces
 34181 | D:3      | Bought a lumpy coppery potion for 26 gold pieces
 34900 | Spider:3 | Reached skill level 20 in Axes
 35127 | Spider:3 | Got the Compendium of Stones and the Chill
 35908 | Spider:4 | Entered Level 4 of the Spider Nest
 36083 | Spider:4 | Reached XP level 19. HP: 153/155 MP: 32/32
 36944 | Spider:4 | HP: 5/157 [emperor scorpion (5)]
 36944 | Spider:4 | Mangled by a wolf spider

Illustrated notes

Levels and vault maps discovered:
D:1:      spicycebolla_arrival_ecumenical, layout_loops_cross,
          chequers_decorated_corner
D:2:      layout_rooms, uniq_crazy_yiuf_cottage
D:3:      layout_loops_corners, serial_shops, nicolae_shop_overgrown_old_shop,
          st_stairs_9, kennysheep_orc_chapel, uniq_terence
D:4:      layout_rooms, nicolae_ossuary_entry_plus, serial_shops, shop,
          cheibrodos_sewer_entry_bend, minmay_diced_spiral
D:5:      layout_basic, lemuel_crystal_altar, okawaru_gym_becter,
          minmay_temple_entry_enclosed_plants, minmay_misc_feat_hallway,
          uniq_blork_the_orc
D:6:      minmay_cornered_nines, layout_basic, gammafunk_ghost_split,
          minmay_misc_feat_diagonals, nicolae_stop_n_shop_1,
          kb_lookout_dungeons_type, uniq_menkaure, uniq_duvessa
D:7:      kennysheep_housing_project, layout_rooms,
          gammafunk_ghost_nasty_kobolds, roderic_filled_cross
D:8:      layout_cave_pools, nicolae_wu_jian_glorious_leap,
          kennysheep_flooded_box, minmay_joined_circles
D:9:      layout_roguey, uniq_jeremiah, uniq_pikel
D:10:     layout_gridville, minivault_19,
          serial_library_regret_index_branch_corner, hangedman_ranch
D:11:     layout_roguey, david_lair_generic, orc_david_3
D:12:     layout_stronghold, minmay_misc_feat_alley, hangedman_decor_growths
D:13:     layout_cave_pods, erik_vaults_1
D:14:     minmay_smoke_and_mirrors, layout_irregular_city,
          infiniplex_staircase_spiral_double
D:15:     grunt_enter_depths_magical_seal, layout_irregular_city,
          evilmike_ruin_ashenzari, nrook_guardian_serpent_ordinary, uniq_azrael
Temple:   hellmonk_temple_divided_pantheon
Lair:1:   layout_cave_pods, nzn_sisyphean_effort, infiniplex_staircase_pool,
          serial_bayou_shore_a
Lair:2:   layout_gridlike, minmay_shoals_entry_lonely_mermaid,
          spider_nest_entry_rubble, lemuel_fruit_tree, serial_bayou_shore_b
Lair:3:   layout_chaotic_city, uniq_nergalle, uniq_snorg, uniq_fannar
Lair:4:   lemuel_slime, layout_cave_pods, gauntlet_entry_generic, uniq_urug
Lair:5:   grunt_lair_end_beastmaster, layout_long_grid,
          nicolae_slime_entry_field_trip, grunt_megastairs_2,
          serial_bayou_shore_b
Shoals:1: gammafunk_sealed_arena, layout_shoals,
          portal_ice_cave_entry_ugly_swarm, uniq_louise, uniq_mlioglotl
Shoals:2: layout_shoals
Shoals:3: layout_shoals, uniq_nikola, uniq_mara
Shoals:4: shoals_end_simple, layout_shoals, serial_shops, shop, uniq_polyphemus
Spider:1: layout_spider_delve, uniq_aizul
Spider:2: layout_cave_pods, uniq_asterion
Spider:3: layout_spider_delve, nicolae_spider_undead_wolf_pack
Spider:4: guppyfry_spider_rune

Skill      XL: |  1  2  3  4  5  6  7  8  9 10 11 12 13 14 15 16 17 18 19 |
---------------+----------------------------------------------------------+-----
Axes           | 3 4 5 6 8 9 12 14 15 19 20 | 20.4
Fighting       | 4 5 6 8 10 14 15 | 15.7
Invocations    | 7 9 11 13 15 16 17 18 | 18.0
Armour         | 6 8 10 12 14 17 18 | 18.1
Shields        | 6 10 11 13 | 13.2

Action                     |  1- 3 |  4- 6 |  7- 9 | 10-12 | 13-15 | 16-18 | 19-21 || total
---------------------------+-------+-------+-------+-------+-------+-------+-------++-------
  Melee: War axe           |    82 |       |       |       |       |       |       ||    82
         Broad axe         |    14 |    63 |   241 |    17 |       |       |       ||   335
         Battleaxe         |       |       |       |   266 |   351 |   666 |    94 ||  1377
         Trident           |       |       |       |       |     2 |       |       ||     2
         Executioner's axe |       |       |       |       |    36 |     3 |       ||    39
 Invoke: Disaster Area     |       |       |       |       |     1 |     4 |     2 ||     7
         Elemental Force   |       |       |       |       |     1 |     6 |     2 ||     9
         Upheaval          |       |       |       |       |       |     7 |     3 ||    10
Ability: Shaft Self        |       |       |       |     1 |       |       |       ||     1
         Dig               |       |       |       |       |       |     4 |       ||     4
  Evoke: Wand              |       |       |       |    13 |     4 |     2 |       ||    19
         Lightning rod     |       |       |       |       |       |     5 |       ||     5
         Condenser vane    |       |       |       |       |       |     1 |       ||     1
    Use: Scroll            |     4 |     7 |    10 |     7 |     8 |     5 |       ||    41
         Potion            |     1 |       |       |     4 |     3 |     7 |     9 ||    24
   Stab: Petrified         |       |       |       |       |     4 |       |       ||     4
         Paralysed         |       |       |       |       |     1 |     1 |       ||     2
 Armour: Scale mail        |    80 |    41 |   166 |       |       |       |       ||   287
         Chain mail        |       |       |    46 |   326 |       |       |       ||   372
         Plate armour      |       |       |       |     9 |   363 |   637 |   147 ||  1156
  Dodge: Dodged            |    57 |    34 |   184 |   205 |   151 |   180 |    28 ||   839
         Repelled          |       |       |       |     3 |     4 |     2 |       ||     9
  Block: Buckler           |    37 |    15 |    82 |    28 |       |       |       ||   162
         Kite shield       |       |       |       |   474 |   639 |   585 |       ||  1698
         Other             |       |       |       |     1 |       |       |       ||     1
         Reflection        |       |       |       |       |       |    37 |       ||    37
         Tower shield      |       |       |       |       |       |   817 |   293 ||  1110
